 Dungeon Crawl Stone Soup version 0.31.0-9-g3a7656b989 (webtiles) character file.

Game seed: 524212327055009146

9 raph the Cudgeller (level 2, 0/27 HPs)
             Began as a Troll Gladiator on Jan 24, 2024.
             Slain by a kobold
             ... wielding a +0 short sword
              (1 damage)
             ... on level 1 of the Dungeon.
             The game lasted 00:00:20 (199 turns).

raph the Cudgeller (Troll Gladiator)                 Turns: 199, Time: 00:00:20

Health: 0/27       AC:  4    Str: 21    XL:     2   Next: 3%
Magic:  1/1        EV: 10    Int:  4    God:
Gold:   6          SH:  0    Dex: 11    Spells: 1/1 levels left

rFire   . . .        a - +0 flail
rCold   . . .        (no shield)
rNeg    . . .        b - +0 robe
rPois   .            c - +0 hat
rElec   .            (no cloak)
rCorr   .            (gloves unavailable)
SInv    .            (boots unavailable)
Will    .....        (no amulet)
Stlth   +            (no ring)
HPRegen 1.04/turn    (no ring)
MPRegen 0.07/turn

%: no passive effects
@: lethally poisoned (0 -> 0)
A: large, unfitting armour, claws 3, regeneration 1, shaggy fur 1, tough skin 1
a: no special abilities


You were on level 1 of the Dungeon.
You visited 1 branch of the dungeon, and saw 1 of its levels.

You collected 6 gold pieces.

Inventory:

Hand Weapons
 a - a +0 flail (weapon)
Missiles
 d - 3 throwing nets (quivered)
 e - a large rock
Armour
 b - a +0 robe (worn)
 c - a +0 hat (worn)
Potions
 f - a potion of heal wounds {unknown}


   Skills:
 - Level 1.5 Fighting
 + Level 3.2 Maces & Flails
 - Level 1.7 Throwing
 - Level 2.4 Dodging


You had one spell level left.
You didn't know any spells.
Your spell library was empty.

Dungeon Overview and Level Annotations

Branches:
Dungeon (1/15)

Altars:


Innate Abilities, Weirdness & Mutations

You are too large for most types of armour.
You have claws for hands.
Your natural rate of healing is unusually fast.
You are covered in fur. (AC +1)
You have tough skin. (AC +1)


Message History

You hit the goblin.
The goblin is severely wounded.
You feel very sick.
The goblin hits you with a +0 dagger of venom.
You are more poisoned.
You closely miss the goblin.
The goblin is severely wounded.
You feel very sick.
The goblin hits you with a +0 dagger of venom.
You are more poisoned.
You sock the goblin!
You kill the goblin!
You feel very sick.
No target in view!
No target in view!
No target in view!
No target in view!
A kobold comes into view. It is wielding a +0 short sword.
Found 2 gold pieces.
You feel very sick.
The kobold shouts!
You hear an angry hiss.
You hear a shout!
You hear a loud squeak.
You feel very sick.
You see here a scroll labelled VALILLOIZI.
A kobold is nearby!
You feel sick.
A hobgoblin comes into view.
The kobold hits you with a +0 short sword.
* * * LOW HITPOINT WARNING * * *
You barely miss the kobold.
You feel sick. The kobold closely misses you.
You hit the kobold.
The kobold is moderately wounded.
You feel sick.
The kobold hits you with a +0 short sword.
* * * LOW HITPOINT WARNING * * *
You feel sick. The kobold attacks as it pursues you!
The kobold barely misses you.
You feel sick. The kobold attacks as it pursues you!
The kobold hits you with a +0 short sword.
You die...

.. .... .# #..# .
..# #. ..# ##.##.#
#..g#)# #.?######
.#
#...#K.....###...#
##.##.@###.......#
#$#...##..###.#..#
# #..###'## ....#
#.# ##.... #'#
##..# #.#
##..##'## #####
####...#####...###
+.'.<.'.'.'.....#


You could see a hobgoblin and a kobold.

Vanquished Creatures
  An endoplasm (D:1)
  A giant cockroach (D:1)
  2 goblins (D:1)
  2 hobgoblins (D:1)
  A kobold (D:1)
7 creatures vanquished.

Notes
Turn   | Place    | Note
-------+----------+-------------------------------------------
     0 | D:1      | raph the Troll Gladiator began the quest for the Orb.
     0 | D:1      | Reached XP level 1. HP: 19/19 MP: 0/0
    60 | D:1      | Reached skill level 3 in Maces & Flails
   137 | D:1      | Reached XP level 2. HP: 27/27 MP: 1/1
   197 | D:1      | HP: 1/27 [kobold/+0 short sword (2)]
   199 | D:1      | Slain by a kobold

Illustrated notes

Levels and vault maps discovered:
D:1:      minmay_arrival_doors, layout_rooms, moated_statue, minmay_ruptured

Skill      XL: |  1 |
---------------+----+-----
Maces & Flails | 3 |  3.2
Fighting       | |  1.5
Throwing       | |  1.7
Dodging        | |  2.4

Action                     || total
---------------------------++-------
  Melee: Flail             ||    35
 Armour: Robe              ||    42
  Dodge: Dodged            ||    25
